 Dungeon Crawl Stone Soup version 0.24.0-123-gd5b16e6ec5 (webtiles) character file.

Game seed: 10828894397756915214, levelgen mode: deterministic

107557 FishyPogo the Warrior (level 16, -5/214 HPs)
             Began as a Minotaur Berserker on Dec 21, 2019.
             Was the Champion of Trog.
             Slain by a tyrant leech (19 damage)
             ... called by a spriggan druid
             ... on level 3 of the Swamp.
             The game lasted 02:11:28 (20844 turns).

FishyPogo the Warrior (Minotaur Berserker)         Turns: 20844, Time: 02:11:28

Health: -5/214     AC: 39    Str: 34    XL:     16   Next: 0%
Magic:  6/6        EV: 11    Int:  7    God:    Trog [******]
Gold:   1947       SH:  5    Dex: 15    Spells: 15/15 levels left

rFire    + + .     SeeInvis .   a - +7 morningstar "Minotaur's Regret" {crush, Stlth+}
rCold    + . .     Gourm    .   V - +0 buckler
rNeg     + . .     Faith    .   R - +7 plate armour of Liberty {rPois rF+ rN+ MP-9}
rPois    +         Spirit   .   f - +0 hat
rElec    .         Reflect  .   x - +2 cloak
rCorr    .         Harm     .   g - +0 pair of gloves {Dex+3}
MR       ++...                  W - +0 pair of boots {Stlth+}
Stlth    ..........             (no amulet)
HPRegen  0.45/turn              Q - ring of Nemigial {rPois rC+ MR+ Int+3}
MPRegen  0.10/turn              G - +5 ring of protection

@: berserking, very quick
A: retaliatory headbutt, horns 2, molten scales 1, fire resistance 1, frail 1,
strong 1
a: Berserk, Trog's Hand, Brothers in Arms, Renounce Religion


You were on level 3 of the Swamp.
You worshipped Trog.
Trog was exalted by your worship.
You were very hungry.

You visited 5 branches of the dungeon, and saw 25 of its levels.
You also visited: Ossuary.

You collected 2139 gold pieces.
You spent 192 gold pieces at shops.

Inventory:

Hand Weapons
 a - the +7 morningstar "Minotaur's Regret" (weapon) {crush, Stlth+}
   (You took it off an efreet on level 10 of the Dungeon)

   It inflicts extra damage upon your enemies.
   It makes you more stealthy.
 b - a +6 flail of holy wrath
Missiles
 h - 16 javelins
 m - 3 throwing nets
 o - 41 boomerangs
 v - 7 silver javelins (quivered)
 w - 7 curare-tipped darts
 D - 25 poisoned darts
 F - 5 boomerangs of dispersal
Armour
 f - a +0 hat (worn)
 g - a +0 pair of gloves of dexterity (worn)
 q - +0 gold dragon scales
 x - a +2 cloak (worn)
 R - the +7 plate armour of Liberty (worn) {rPois rF+ rN+ MP-9}
   (You found it on level 10 of the Dungeon)

   It protects you from fire.
   It protects you from poison.
   It protects you from negative energy.
   It affects your magic capacity (-9).
 V - a +0 buckler (worn)
 W - a +0 pair of boots of stealth (worn)
 Y - a scarf of resistance
Jewellery
 n - an uncursed ring of positive energy
 G - a +5 ring of protection (right hand)
 Q - the ring of Nemigial (left hand) {rPois rC+ MR+ Int+3}
   (You found it on level 7 of the Dungeon)

   [ring of intelligence]

   It affects your intelligence (+3).
   It protects you from cold.
   It protects you from poison.
   It affects your resistance to hostile enchantments.
Wands
 C - a wand of clouds (3)
 E - a wand of polymorph (6)
 P - a wand of acid (29)
 S - a wand of paralysis (5)
 U - a wand of flame (31)
 Z - a wand of disintegration (16)
Scrolls
 e - 11 scrolls of teleportation
 i - 6 scrolls of enchant weapon
 r - 14 scrolls of identify
 u - 9 scrolls of remove curse
 y - 5 scrolls of immolation
 B - 2 scrolls of blinking
 K - a scroll of fear
 M - 2 scrolls of magic mapping
 N - a scroll of silence
 X - 2 scrolls of fog
Potions
 d - a potion of ambrosia {unknown}
 j - 2 potions of agility
 k - 13 potions of curing
 l - 5 potions of heal wounds
 p - 2 potions of lignification
 J - 2 potions of flight
 L - 7 potions of might
 O - a potion of haste
 T - 2 potions of invisibility
Comestibles
 c - 46 rations
 s - 9 chunks of flesh


   Skills:
 + Level 18.6 Fighting
   Level 8.0 Short Blades
 + Level 16.7 Maces & Flails
 - Level 6.0 Throwing
 + Level 18.4 Armour
 - Level 3.0 Dodging
 - Level 4.0 Shields


You had 15 spell levels left.
You didn't know any spells.
Your spell library contained the following spells:

 Spells                   Type           Power        Failure   Level  Hunger
 Corona                   Hex            #......      87%         1    ##.....
 Flame Tongue             Conj/Fire      #....        87%         1    ##.....
 Freeze                   Ice            #...         87%         1    ##.....
 Magic Dart               Conj           #...         87%         1    ##.....
 Blink                    Tloc           N/A          95%         2    ###....
 Call Imp                 Summ           #.......     95%         2    ###....
 Searing Ray              Conj           #.....       95%         2    ###....
 Slow                     Hex            #.......     95%         2    ###....
 Throw Flame              Conj/Fire      #.....       95%         2    ###....
 Throw Frost              Conj/Ice       #.....       95%         2    ###....
 Conjure Flame            Conj/Fire      #.......     99%         3    ####...
 Dazzling Spray           Conj/Hex       #.....       99%         3    ####...
 Inner Flame              Hex/Fire       #.......     99%         3    ####...
 Mephitic Cloud           Conj/Pois/Air  #.......     99%         3    ####...
 Ozocubu's Armour         Chrm/Ice       #.......     99%         3    ####...
 Portal Projectile        Hex/Tloc       #.....       99%         3    ####...
 Cause Fear               Hex            #.........   100%        4    #####..
 Force Lance              Conj/Tloc      #.......     100%        4    #####..
 Fulminant Prism          Conj/Hex       #.........   100%        4    #####..
 Iskenderun's Mystic Bla  Conj           #.......     100%        4    #####..
 Leda's Liquefaction      Hex/Erth       #.........   100%        4    #####..
 Sticky Flame             Conj/Fire      #.......     100%        4    #####..
 Summon Ice Beast         Ice/Summ       #.......     100%        4    #####..
 Summon Lightning Spire   Summ/Air       #.......     100%        4    #####..
 Throw Icicle             Conj/Ice       #.......     100%        4    #####..
 Fireball                 Conj/Fire      #.........   100%        5    ######.
 Silence                  Hex/Air        #.........   100%        5    ######.
 Yara's Violent Unravell  Hex/Tmut       #.........   100%        5    ######.
 Conjure Ball Lightning   Conj/Air       #.........   100%        6    #######
 Deflect Missiles         Chrm/Air       #.........   100%        6    #######
 Discord                  Hex            #.........   100%        8    #######
 Tornado                  Air            #.........   100%        9    #######


Dungeon Overview and Level Annotations

Branches:
Dungeon (13/15)            Temple (0/1) D:4            Lair (6/6) D:10
  Swamp (3/4) Lair:3       Spider (1/4) Lair:4        Slime (0/5) Lair:5
    Orc (2/2) D:9             Elf (0/3) Orc:2        Vaults (0/5) D:13
Ossuary (visited)

Altars:
Ashenzari
Cheibriados
Fedhas
Kikubaaqudgha
Okawaru
Trog
Uskayaw
Vehumet
Beogh

Shops:
D:7 =   D:8 }   D:11 }[%(   D:12 [   Orc:1 :   Orc:2 !?(}

Portals:
Trove: D:11 (give 9 potions of haste)


Innate Abilities, Weirdness & Mutations

You reflexively headbutt those who attack you in melee.
You have a pair of horns on your head.
You are partially covered in molten scales. (AC +2)
Your flesh is heat resistant. (rF+)
You are frail. (-10% HP)
Your muscles are strong. (Str +2)


Message History

The alligator bites you but does no damage.
The alligator barely misses you.
You impale the slime creature!!
You kill the slime creature!
Trog accepts your kill.
Your cyclops hits the alligator!!
You flatten the alligator like a pancake!!!
You kill the alligator!
Trog accepts your kill.
You have reached level 16!
You feel stronger.
The tyrant leech bites you but does no damage.
A tyrant leech comes into view.
You barely miss the tyrant leech.
You headbutt the tyrant leech, but do no damage.
The tyrant leech is moderately wounded.
You closely miss the tyrant leech. Your headbutt misses the tyrant leech.
The tyrant leech is moderately wounded.
The tyrant leech bites you!!
You die...

♣♣.≈≈≈.≈.♣
♣♣♣...≈≈.≈≈♣
♣≈..≈≈.≈≈≈≈♣♣♣
≈≈♣.≈♣.≈≈≈(.≈
≈.≈≈≈≈..=.w♣♣
≈..≈≈≈.≈≈.♣.♣
§ ♣≈≈≈..≈..♣
.≈≈≈♣≈)Cw≈.♣
≈≈...≈)@.≈♣♣
≈≈..≈≈.♣♣♣♣
.(.≈..♣ ♣≈.≈♣♣
.≈♣♣ .


You could see 2 tyrant leeches and a friendly cyclops (berserk).

Vanquished Creatures
  Frances (D:12)
  An emperor scorpion (Spider:1)
  A dire elephant (Lair:6)
  Snorg (D:11)
  A fire dragon (Lair:5)
  A vault guard (D:13)
  10 hydras
  Harold (D:7)
  A catoblepas (Lair:6)
  A shambling mangrove (Swamp:2)
  Erica (Lair:1)
  A centaur warrior (D:13)
  2 two-headed ogres
  3 alligators
  A deep troll shaman (Lair:6)
  10 death yaks
  An ogre mage (Orc:2)
  2 tengu warriors (D:11)
  Nergalle (Orc:2)
  3 swamp dragons
  An unseen horror (D:13)
  A wizard (D:13)
  A spriggan druid (Swamp:3)
  A necromancer (D:13)
  Pikel (D:8)
  An orc knight (D:10)
  10 orc sorcerers
  3 oklob plants
  2 ugly things (D:13)
  An orb spider (Spider:1)
  A wolf spider (Lair:6)
  A cyclops (D:13)
  2 manticores
  13 elephants
  14 spiny frogs
  2 black mambas
  Joseph (D:7)
  2 gargoyles
  6 komodo dragons
  18 rime drakes
  A yaktaur (D:13)
  An efreet (D:10)
  A demonic crawler (Lair:4)
  A tengu conjurer (D:13)
  5 trolls
  A queen bee (D:10)
  3 polar bears
  2 jumping spiders (Spider:1)
  5 hornets
  17 blink frogs
  2 bog bodies (Swamp:2)
  6 tyrant leeches
  19 hippogriffs
  5 slime creatures
  4 spriggans
  46 yaks
  10 wyverns
  A shadow (D:11)
  2 redbacks
  9 basilisks
  8 steam dragons (Lair:5)
  18 humans (D:13)
  23 vampire mosquitoes
  A hungry ghost (D:8)
  20 insubstantial wisps
  5 wargs
  Menkaure (D:7)
  2 soldier ants (D:10)
  7 swamp worms
  8 water moccasins
  2 hell hounds (Lair:5)
  9 porcupines
  A swamp drake (Swamp:2)
  A phantom (D:5)
  2 ice beasts
  4 slaves (D:8)
  2 black bears
  15 orc warriors
  A sky beast (D:11)
  An eye of draining (shapeshifter) (D:13)
  2 necrophages
  8 ogres
  30 wolves
  20 crocodiles
  A big kobold (D:8)
  6 centaurs
  22 bullfrogs
  A wyvern skeleton (D:6)
  4 scorpions
  30 killer bees
  A howler monkey (D:4)
  A wight (D:11)
  4 crimson imps
  A bullfrog zombie (D:11)
  A centaur zombie (D:6)
  A gnoll shaman (D:5)
  6 hounds
  6 jellies
  19 orc priests
  42 orc wizards
  Crazy Yiuf (D:7)
  3 centaur skeletons
  2 bullfrog skeletons
  4 iguanas
  10 worker ants
  A statue (D:8)
  4 mummies (Ossuary)
  A worker ant zombie (D:8)
  13 gnolls
  15 adders
  A river rat (D:5)
  4 shadow imps
  5 oozes
  2 adder skeletons
  8 worms
  3 dart slugs
  A leopard gecko (D:2)
  81 orcs
  5 ball pythons
  8 giant cockroaches
  3 gnoll zombies (Ossuary)
  7 goblins
  7 hobgoblins
  10 jackals
  6 quokkas
  4 bats
  3 frilled lizards
  5 gnoll skeletons (Ossuary)
  7 goblin skeletons (Ossuary)
  5 goblin zombies (Ossuary)
  A hobgoblin skeleton (Ossuary)
  5 hobgoblin zombies (Ossuary)
  14 kobolds
  4 kobold skeletons (Ossuary)
  A kobold zombie (Ossuary)
  4 orc skeletons (Ossuary)
  3 orc zombies (Ossuary)
  16 rats
  4 rat skeletons (Ossuary)
  8 rat zombies (Ossuary)
  A plant (Lair:2)
894 creatures vanquished.

Vanquished Creatures (collateral kills)
  A two-headed ogre (D:11)
  An orc knight (D:12)
  An orc sorcerer (D:12)
  2 slime creatures (Swamp:3)
  A centaur skeleton (D:11)
  An acid dragon (D:11)
  4 wights (D:11)
  3 orcs (D:12)
14 creatures vanquished.

Vanquished Creatures (others)
  A hydra (Swamp:1)
  An orc high priest (D:12)
  A swamp drake (Swamp:1)
  An orc wizard (Orc:2)
  An adder skeleton (D:10)
  8 fungi
  5 plants
18 creatures vanquished.

Grand Total: 926 creatures vanquished

Notes
Turn   | Place    | Note
-------+----------+-------------------------------------------
     0 | D:1      | FishyPogo the Minotaur Berserker began the quest for the
                  | Orb.
     0 | D:1      | Reached XP level 1. HP: 19/19 MP: 0/0
   182 | D:1      | Reached XP level 2. HP: 20/27 MP: 1/1
   299 | D:1      | Found an iron altar of Okawaru.
  1054 | D:2      | Reached XP level 3. HP: 19/33 MP: 2/2
  1442 | D:2      | Reached ** piety under Trog
  1563 | D:2      | Reached XP level 4. HP: 19/41 MP: 3/3
  1785 | D:2      | Reached skill level 1 in Throwing
  1894 | D:2      | Reached XP level 5. HP: 47/47 MP: 4/4
  1986 | D:3      | Reached skill level 5 in Fighting
  2430 | D:3      | Found a transporter.
  2432 | D:3      | Found a transporter.
  2436 | D:3      | Found a snail-covered altar of Cheibriados.
  3084 | D:4      | Reached XP level 6. HP: 56/56 MP: 5/5
  3086 | D:4      | Reached *** piety under Trog
  3097 | D:4      | Reached skill level 5 in Armour
  3587 | D:4      | Found a staircase to the Ecumenical Temple.
  3689 | D:5      | Entered Level 5 of the Dungeon
  3705 | D:5      | Noticed an ice beast
  3709 | D:5      | Killed an ice beast
  3709 | D:5      | Reached XP level 7. HP: 50/64 MP: 6/6
  3836 | D:5      | Reached skill level 5 in Short Blades
  3875 | D:5      | Found a shattered altar of Ashenzari.
  3879 | D:5      | Saw a vision of the Swamp and the Spider Nest.
  3879 | D:5      | Noticed a wolf spider
  3879 | D:5      | Noticed a redback
  3879 | D:5      | Noticed a redback
  3879 | D:5      | Noticed a redback
  3879 | D:5      | Noticed a redback
  3880 | D:5      | Noticed an alligator
  3959 | D:5      | Reached **** piety under Trog
  4121 | D:5      | Reached XP level 8. HP: 66/73 MP: 7/7
  4766 | D:6      | Reached ***** piety under Trog
  4916 | D:6      | Received a gift from Trog
  4928 | D:6      | Reached XP level 9. HP: 65/82 MP: 8/8
  5415 | D:7      | Found a sand-covered staircase.
  5420 | Ossuary  | Entered an ossuary
  5874 | D:7      | Found Wucasich's Jewellery Shoppe.
  5933 | D:7      | Got a vibrating lead ring
  5935 | D:7      | Identified the ring of Nemigial {rPois rC+ MR+ Int+3} (You
                  | found it on level 7 of the Dungeon)
  5950 | D:7      | Noticed Harold
  5978 | D:7      | Killed Harold
  5978 | D:7      | Reached skill level 5 in Throwing
  6022 | D:7      | Noticed Joseph
  6037 | D:7      | Killed Joseph
  6037 | D:7      | Reached skill level 10 in Fighting
  6168 | D:7      | Found a runed translucent door.
  6169 | D:7      | Noticed Crazy Yiuf
  6172 | D:7      | Got an ichor-stained mace
  6173 | D:7      | Identified the +7 mace of Big Damage {holy, Int+2} (You
                  | found it on level 7 of the Dungeon)
  6176 | D:7      | Killed Crazy Yiuf
  6294 | D:7      | Noticed Menkaure
  6298 | D:7      | Killed Menkaure
  6298 | D:7      | Received a gift from Trog
  6298 | D:7      | Reached skill level 1 in Maces & Flails
  6315 | D:7      | Reached XP level 10. HP: 52/93 MP: 9/9
  6354 | D:8      | Identified a scroll of acquirement
  6382 | D:8      | Found a roughly hewn altar of Beogh.
  6443 | D:8      | Noticed Pikel
  6505 | D:8      | Killed Pikel
  6648 | D:8      | Found Itogiqot's Gadget Shop.
  6668 | D:8      | Found a hide-covered altar of Uskayaw.
  6707 | D:8      | Found a radiant altar of Vehumet.
  6740 | D:8      | Reached skill level 10 in Armour
  7164 | D:9      | Reached skill level 5 in Maces & Flails
  7320 | D:9      | Noticed a two-headed ogre
  7328 | D:9      | Killed a two-headed ogre
  7419 | D:9      | Found a staircase to the Orcish Mines.
  7469 | D:10     | Entered Level 10 of the Dungeon
  7532 | D:10     | Noticed a two-headed ogre
  7535 | D:10     | Killed a two-headed ogre
  7554 | D:10     | Reached XP level 11. HP: 75/102 MP: 10/10
  7589 | D:10     | Found a blossoming altar of Fedhas.
  7610 | D:10     | Noticed an orc knight
  7610 | D:10     | Identified the +7 morningstar "Minotaur's Regret" {crush,
                  | Stlth+}
  7788 | D:10     | Killed an orc knight
  8160 | D:10     | Received a gift from Trog
  8184 | D:10     | Gained mutation: You are partially covered in molten
                  | scales. (AC +2) [potion of mutation]
  8184 | D:10     | Gained mutation: Your flesh is heat resistant. (rF+)
                  | [potion of mutation]
  8184 | D:10     | Gained mutation: Your muscles are strong. (Str +2) [potion
                  | of mutation]
  8196 | D:10     | Reached ****** piety under Trog
  8219 | D:10     | Found a staircase to the Lair.
  8348 | D:10     | Reached skill level 10 in Maces & Flails
  8355 | D:10     | Received a gift from Trog
  8465 | D:10     | Got a shimmering plate armour
  8476 | D:10     | Identified the +7 plate armour of Liberty {rPois rF+ rN+
                  | MP-9} (You found it on level 10 of the Dungeon)
  8625 | D:11     | Found Xygaaq's Antique Weapon Emporium.
  8671 | D:11     | Found Guinitt's Food Emporium.
  8730 | D:11     | Noticed a tengu warrior
  8731 | D:11     | Noticed a tengu warrior
  8855 | D:11     | Found Epieguas's Armour Boutique.
  8860 | D:11     | Noticed Snorg
  8890 | D:11     | Killed Snorg
  8902 | D:11     | Bought a +0 buckler for 54 gold pieces
  8902 | D:11     | Bought a +0 pair of boots of stealth for 138 gold pieces
  8926 | D:11     | Noticed a two-headed ogre
  8935 | D:11     | Reached skill level 1 in Shields
  8936 | D:11     | Killed a two-headed ogre
  8986 | D:11     | Killed a tengu warrior
  8986 | D:11     | Reached XP level 12. HP: 113/113 MP: 2/11
  8990 | D:11     | Killed a tengu warrior
  9012 | D:11     | Found Bishut's Gadget Shoppe.
  9049 | D:11     | Found a portal to a secret trove of treasure.
  9121 | D:11     | Received a gift from Trog
  9225 | D:12     | Noticed Frances
  9237 | D:12     | Killed Frances
  9661 | D:12     | Found Cheibriados's Comfort Zone.
  9663 | D:12     | Found a snail-covered altar of Cheibriados.
  9690 | D:12     | Found a runed translucent door.
  9850 | D:12     | Noticed an orc high priest
  9864 | D:12     | Killed an orc high priest
  9866 | D:12     | HP: 1/115 [orc warrior/+0 battleaxe (21)]
 10194 | D:12     | Found a roughly hewn altar of Beogh.
 10485 | D:13     | Received a gift from Trog
 10543 | D:13     | Noticed a centaur warrior
 10554 | D:13     | Killed a centaur warrior
 10963 | D:13     | Reached XP level 13. HP: 121/125 MP: 3/12
 11087 | D:13     | Found a gate to the Vaults.
 11305 | Orc:1    | Entered Level 1 of the Orcish Mines
 11308 | Orc:1    | Found a roughly hewn altar of Beogh.
 11339 | Orc:1    | Found Feubanay's Book Emporium.
 11443 | Orc:1    | Found a roughly hewn altar of Beogh.
 11699 | Orc:2    | Entered Level 2 of the Orcish Mines
 11767 | Orc:2    | Received a gift from Trog
 11793 | Orc:2    | Found a staircase to the Elven Halls.
 12028 | Orc:2    | Received a gift from Trog
 12035 | Orc:2    | Reached skill level 15 in Fighting
 12403 | Orc:2    | Received a gift from Trog
 12484 | Orc:2    | Found an ancient bone altar of Kikubaaqudgha.
 12485 | Orc:2    | Noticed Nergalle
 12489 | Orc:2    | Found Yschegh's Gadget Boutique.
 12496 | Orc:2    | Killed Nergalle
 12496 | Orc:2    | Reached skill level 15 in Armour
 12543 | Orc:2    | Found a roughly hewn altar of Beogh.
 12561 | Orc:2    | Gained mutation: You are frail. (-10% HP) [a neqoxec]
 12602 | Orc:2    | Found Usenkeoq's Antique Weapon Shop.
 12608 | Orc:2    | Found Hunemuot's Distillery.
 12665 | Orc:2    | Found a radiant altar of Vehumet.
 12692 | Orc:2    | Found Caqiac's Magic Scroll Boutique.
 13014 | Lair:1   | Entered Level 1 of the Lair of Beasts
 13278 | Lair:1   | Noticed Erica
 13287 | Lair:1   | Killed Erica
 13939 | Lair:2   | Received a gift from Trog
 14597 | Lair:3   | Reached XP level 14. HP: 122/122 MP: 4/13
 14616 | Lair:3   | Received a gift from Trog
 15054 | Lair:3   | Found a staircase to the Swamp.
 15317 | Lair:4   | Found a hole to the Spider Nest.
 15530 | Lair:4   | Got a faintly glowing shortbow
 15546 | Lair:4   | Identified the +7 shortbow "Xyheir" {freeze, *Slow +Inv rF+
                  | Stlth+} (You found it on level 4 of the Lair of Beasts)
 15746 | Lair:4   | Got a warped falchion
 15747 | Lair:4   | Identified the +6 falchion "Xexaxy" {drain, Int+3} (You
                  | found it on level 4 of the Lair of Beasts)
 16245 | Lair:5   | Found a bloodstained altar of Trog.
 16334 | Lair:5   | Received a gift from Trog
 17050 | Lair:5   | Found a staircase to the Slime Pits.
 17177 | Lair:5   | Received a gift from Trog
 17226 | Lair:5   | Reached skill level 15 in Maces & Flails
 17845 | Lair:6   | Entered Level 6 of the Lair of Beasts
 17853 | Lair:6   | Reached XP level 15. HP: 132/132 MP: 5/14
 18042 | Lair:6   | Got a slimy hunting sling
 18043 | Lair:6   | Identified the +1 hunting sling of Calculation {velocity,
                  | Str+3} (You found it on level 6 of the Lair of Beasts)
 18595 | Lair:6   | Received a gift from Trog
 18607 | Lair:6   | Got a transparent dire flail {god gift}
 18607 | Lair:6   | Identified the +8 dire flail of Butchery {vamp, rC- Int+4
                  | Dex+2 SInv} (Trog gifted it to you on level 6 of the Lair
                  | of Beasts)
 19033 | Spider:1 | Entered Level 1 of the Spider Nest
 19187 | Swamp:1  | Entered Level 1 of the Swamp
 20200 | Swamp:2  | Noticed a thorn hunter
 20270 | Swamp:2  | Received a gift from Trog
 20842 | Swamp:3  | Reached XP level 16. HP: 13/143 MP: 6/15
 20844 | Swamp:3  | Slain by a tyrant leech

Levels and vault maps discovered:
D:1:      evilmike_arrival_home_sweet_home, layout_basic,
          okawaru_ov_weapons_minmay
D:2:      layout_rooms, minmay_misc_feat_encased
D:3:      layout_loops_ring, gammafunk_temple_overflow_arena,
          chequers_serial_rivers_micro_e, serial_bayou_ford_a,
          minmay_crystal_water
D:4:      layout_rooms, minmay_temple_entry_crystal_x, serial_bayou_lake_a
D:5:      layout_loops_ring, first_ration, portal_sewer_entry_b,
          grunt_ashenzari_visionary [grunt_ashenzari_visionary_swamp,
          grunt_ashenzari_visionary_spider]
D:6:      layout_basic
D:7:      layout_cave_pools, enter_ossuary_5, serial_shops,
          kennysheep_mini_moat, the_bakery, uniq_menkaure, uniq_joseph,
          uniq_crazy_yiuf_cottage, uniq_harold
D:8:      layout_basic, eat_drink_and_be_merry_uskayaw, vehumet_statue,
          serial_shops, kennysheep_mini, david_defended_altar_orc, uniq_pikel
D:9:      layout_rooms, orc_0_dummy
D:10:     minmay_the_grid_triangle_9x9_rhombus_thin_mashed
          [minmay_the_grid_triangle_9x9_shrine,
          minmay_the_grid_triangle_9x9_prize_center,
          minmay_the_grid_triangle_9x9_thin_v,
          minmay_the_grid_triangle_9x9_impossible_snake], layout_basic,
          erik_lair_orcish_takeover, special_room [special_room_bee]
D:11:     layout_rooms, enter_trove_0, serial_shops, nicolae_shop_stone, shop,
          shop, shop, minmay_misc_feat_square, uniq_snorg
D:12:     layout_cave_pools, minmay_shop_chei, chequers_serial_rivers_room_b,
          lightli_church_of_beogh, uniq_frances
D:13:     layout_cave_pools, grunt_vaults_entry_tiered
Lair:1:   layout_small_grid, grunt_megastairs_3, uniq_erica
Lair:2:   layout_chaotic_city, lemuel_fruit_tree, serial_bayou_shore_a,
          minmay_lair_oklob_chamber
Lair:3:   layout_big_grid, palyth_hydra_swamp_entry, infiniplex_staircase_pool_2
Lair:4:   layout_regular_city, nicolae_spider_entry_non_spiders,
          serial_bayou_crossing
Lair:5:   layout_roguey [special_room_mythical_zoo],
          nicolae_slime_entry_slimehenge, basic_altar, bobbens_dragon_lair_wall,
          serial_bayou_shore_b
Lair:6:   grunt_lair_end_beastmaster, layout_regular_city, grunt_megastairs_4
Swamp:1:  layout_basic_swamp, evilmike_swamp_ruin_house_1
Swamp:2:  layout_basic_swamp, evilmike_swamp_ruin_house_4
Swamp:3:  layout_falls_marsh, evilmike_swamp_ruin_house_3
Spider:1: layout_spider_delve
Orc:1:    layout_caves, basic_altar, serial_shops, nicolae_shop_window_shopping,
          mines2_david
Orc:2:    kennysheep_orc_mage_school, layout_diamond_mine

Skill      XL: |  1  2  3  4  5  6  7  8  9 10 11 12 13 14 15 |
---------------+----------------------------------------------+-----
Fighting       | 4 5 6 7 8 10 11 12 14 15 17 18 | 18.6
Armour         | 3 4 5 6 8 9 10 12 14 15 17 18 | 18.4
Throwing       | 1 2 3 4 6 |  6.0
Dodging        | 3 |  3.0
Short Blades   | 4 5 6 7 8 |  8.0
Maces & Flails | 1 7 11 13 15 16 | 16.7
Shields        | 3 4 |  4.0

Action                   |  1- 3 |  4- 6 |  7- 9 | 10-12 | 13-15 | 16-18 || total
-------------------------+-------+-------+-------+-------+-------+-------++-------
Melee: Short sword       |   104 |   168 |   421 |       |       |       ||   693
       Headbutt          |    19 |    26 |   101 |   116 |   330 |     1 ||   593
       Unarmed           |       |       |     7 |       |       |       ||     7
       Mace              |       |       |     6 |   235 |       |       ||   241
       Morningstar       |       |       |       |   275 |  1135 |     2 ||  1412
       Scimitar          |       |       |       |    21 |    16 |       ||    37
       Flail             |       |       |       |    12 |     3 |       ||    15
Throw: Stone             |     1 |     3 |     4 |       |       |       ||     8
       Boomerang         |       |       |     9 |     9 |     9 |       ||    27
       Dart              |       |       |       |     2 |    16 |       ||    18
       Javelin           |       |       |       |       |    10 |       ||    10
Invok: Berserk           |     2 |     5 |     8 |    11 |    19 |       ||    45
       Trog's Hand       |       |     1 |       |     2 |     1 |       ||     4
       Brothers in Arms  |       |       |       |     4 |     2 |       ||     6
Evoke: Wand              |       |       |       |     2 |     8 |       ||    10
  Use: Scroll            |     5 |     3 |     2 |     4 |    11 |       ||    25
       Potion            |       |       |     3 |     6 |     1 |       ||    10
 Stab: Paralysed         |       |       |       |     2 |       |       ||     2
  Eat: Chunk             |     4 |    11 |    17 |    28 |    49 |       ||   109
       Ration            |       |       |       |     1 |       |       ||     1
Armor: Animal skin       |     6 |       |       |       |       |       ||     6
       Robe              |     3 |       |       |       |       |       ||     3
       Ring mail         |       |    29 |       |       |       |       ||    29
       Quicksilver drago |       |    25 |   157 |   194 |       |       ||   376
       Plate armour      |       |       |       |   208 |   771 |     1 ||   980
       Gold dragon scale |       |       |       |     5 |       |       ||     5
Dodge: Dodged            |    67 |    75 |   174 |   340 |   467 |       ||  1123
Block: Buckler           |       |       |       |    28 |   166 |       ||   194
       Rpst.: Scimitar   |       |       |       |     1 |       |       ||     1
